Cogmind - Beta 13 @@@ ROGUE MODE // 2024.04.21 @ 22:48:30 Player: TheBermanGrit Result: Destroyed by Y-45 Defender with Beam Rifle Performance ------------- Evolutions (2) 1000 Regions Visited (4) 800 Robots Destroyed (9) 45 Value Destroyed (322) 322 Prototype IDs (0) 0 Alien Tech Used (0) 0 Bonus (0) 0 TOTAL SCORE: 2167 Bonus ------- None Cogmind --------- Core Integrity 0/550 Matter 300/300 Energy 99/100 System Corruption 0% Temperature Cool (9) Movement Core (200) Ox3 Location -8/Materials Parts ------- > --- POWER (2) -------- (None) > --- PROPULSION (2) --- (None) > --- UTILITY (3) ------ Medium Storage Unit > --- WEAPON (4) ------- (None) > --- INVENTORY (10) --- Armored Treads Disposable Heat Sink Power Shielding Improved Weapon Shielding Field Laser Mining Laser Peak State ------------ > --- POWER ------------ Ion Engine Light Nuclear Core > --- PROPULSION ------- Light Treads Light Treads > --- UTILITY ---------- Heat Sink Medium Storage Unit > --- WEAPON ----------- Particle Gun Light Assault Rifle Grenade Launcher > --- INVENTORY -------- Disposable Heat Sink Power Shielding Mining Laser Mining Laser Mining Laser [Rating: 12] Favorites ----------- Power Ion Engine Engine Ion Engine Power Core Light Nuclear Core Propulsion Light Treads Treads Light Treads Utility Medium Storage Unit Device Heat Sink Storage Medium Storage Unit Weapon Light Assault Rifle Energy Gun Particle Gun Ballistic Gun Light Assault Rifle Launcher Grenade Launcher Special Weapon Mining Laser Build | -11 -10 -9 -9 -8 ------- Run | Yrd Mat Mat Min Mat Slots Evolved 4 | . . 2 . 2 Power 1 | . . 1 . . Propulsion . | . . . . . Utility 1 | . . . . 1 Weapon 2 | . . 1 . 1 Parts Attached 18 | 6 5 2 . 5 Power 4 | 1 2 1 . . Engine 3 | 1 2 . . . Core 1 | . . 1 . . Reactor . | . . . . . Propulsion 4 | 2 . . . 2 Treads 4 | 2 . . . 2 Leg . | . . . . . Wheel . | . . . . . Hover . | . . . . . Flight . | . . . . . Utility 3 | 1 2 . . . Device 1 | . 1 . . . Storage 2 | 1 1 . . . Processor . | . . . . . Hackware . | . . . . . Protection . | . . . . . Artifact . | . . . . . Weapon 7 | 2 1 1 . 3 Energy Gun 1 | . . . . 1 Energy Cannon . | . . . . . Ballistic Gun 3 | 2 . 1 . . Ballistic Cannon . | . . . . . Launcher 1 | . 1 . . . Special Weapon 2 | . . . . 2 Impact Weapon . | . . . . . Slashing Weapon . | . . . . . Piercing Weapon . | . . . . . Special Melee Weapon . | . . . . . Unidentified Prototypes . | . . . . . Parts Lost 13 | . 1 1 . 11 Power 3 | . 1 . . 2 Propulsion 4 | . . . . 4 Utility . | . . . . . Weapon 6 | . . 1 . 5 Highest Loss Streak 7 | . 1 1 . 7 To Critical Strikes 1 | . . . . 1 Average Slot Usage (%) 81 | . 92 94 88 56 Engine 8 | . 12 11 11 2 Core 5 | . . 11 11 6 Treads 21 | . 28 22 22 13 Device 8 | . 7 11 11 7 Storage 11 | . 14 11 11 9 Energy Gun 2 | . . . . 6 Ballistic Gun 16 | . 25 16 11 6 Launcher 5 | . 2 11 11 3 Naked Turns . | . . . . . Heaviest Build 28 | 12 20 26 25 28 Greatest Support 40 | 40 40 40 40 40 Greatest Overweight (x) 3 | . . . . 3 Average Overweight (x) . | . . . . . Largest Inventory Capacity 10 | 8 10 10 10 10 Average Capacity 9 | 6 8 10 10 10 Most Carried 6 | 1 3 6 6 6 Average Carried 2 | . 1 2 6 4 Final Capacity 10 | 8 10 10 10 10 Final Carried 6 | 1 3 6 6 6 Class Distribution -------------------- 43% | Mutant 32% | Scavenger-Mutant 24% | Scavenger-Gunner Dominant Class ---------------- Mutant | -10/Materials Scavenger-Mutant | -9/Materials Scavenger-Mutant | -9/Mines Scavenger-Mutant | -8/Materials Resources | -11 -10 -9 -9 -8 ----------- Run | Yrd Mat Mat Min Mat Matter Collected 435 | 243 122 30 . 40 Remotely . | . . . . . Salvage Created 420 | . 326 . . 94 Parts 16 | . 11 . . 5 Haulers Intercepted 1 | . 1 . . . Recyclers Shooed 1 | . 1 . . . Parts Field Recycled . | . . . . . Retrieved Matter . | . . . . . Parts Self-Destructed . | . . . . . Prevented . | . . . . . Kills | -11 -10 -9 -9 -8 ------- Run | Yrd Mat Mat Min Mat Combat Hostiles Destroyed 8 | . 6 . . 2 Guns 8 | . 6 . . 2 Classes Destroyed 3 | . 2 . . 1 Hauler 1 | . 1 . . . Grunt 6 | . 6 . . . Sentry 2 | . . . . 2 Best Kill Streak 4 | . 4 . . 1 Combat Bots Only 2 | . 2 . . 1 Max Kills in Single Turn 1 | . 1 . . 1 Gunslinging . | . . . . . Exploded . | . . . . . Melee . | . . . . . Uniques/NPCs Destroyed . | . . . . . Combat | -11 -10 -9 -9 -8 -------- Run | Yrd Mat Mat Min Mat Hostile Shots Fired 158 | . 60 . . 98 Missed 43 | . 20 . . 23 Damage Taken 1880 | . 522 38 . 1320 Core 644 | . 82 . . 562 Absorbed by Shields . | . . . . . Core Remaining (%) 89 | 100 67 . 100 . Volleys Fired 46 | . 35 1 . 10 Largest 3 | . 2 3 . 3 Hottest 265 | . 40 70 . 265 Shots Fired 96 | . 70 3 . 23 Gun 90 | . 70 2 . 18 Cannon . | . . . . . Launcher 2 | . . 1 . 1 Special 4 | . . . . 4 Kinetic 80 | . 70 2 . 8 Thermal 14 | . . . . 14 Explosive 2 | . . 1 . 1 Electromagnetic . | . . . . . Robot Hit Streak 7 | . 7 3 . 6 Robot Miss Streak 3 | . 3 1 . 2 Penetration Max . | . . . . . Secondary Targets 2 | . 1 . . 1 Max Gunslinging Chain 1 | . 1 . . 1 Shots Hit Robots 66 | . 46 2 . 18 Core Hits 24 | . 20 . . 4 Critical Kills . | . . . . . Critical Parts Destroyed . | . . . . . Critical Strikes . | . . . . . Melee Attacks . | . . . . . Impact . | . . . . . Slashing . | . . . . . Piercing . | . . . . . Sneak Attacks . | . . . . . Combat Hostiles . | . . . . . Follow-up Attacks . | . . . . . Damage Inflicted 688 | . 404 19 . 265 Guns 629 | . 404 19 . 206 Cannons . | . . . . . Explosions 11 | . . . . 11 Melee . | . . . . . Ramming . | . . . . . Kinetic 480 | . 404 19 . 57 Thermal 197 | . . . . 197 Explosive 11 | . . . . 11 Electromagnetic . | . . . . . Impact . | . . . . . Slashing . | . . . . . Piercing . | . . . . . Highest Corruption . | . . . . . Average Corruption . | . . . . . Corruption Purged . | . . . . . Corruption Blocked . | . . . . . Overload Shots . | . . . . . Overflow Damage 10 | . . 4 . 6 Projectiles . | . . . . . Explosions 10 | . . 4 . 6 Melee . | . . . . . Knockbacks . | . . . . . Impact . | . . . . . Kinetic . | . . . . . Secondary . | . . . . . Self-Inflicted Damage 77 | . . 38 . 39 Shots 2 | . . 1 . 1 Rammed . | . . . . . Targets Rammed . | . . . . . Kicked . | . . . . . Crushed . | . . . . . Highest Temperature 80 | . 31 18 . 80 Average Temperature 14 | . 9 13 . 19 Received Heat Transfer 744 | . 294 . . 450 Siege Activations . | . . . . . Robots Corrupted . | . . . . . Combat Hostiles . | . . . . . Parts Fried . | . . . . . Impact Corruptions . | . . . . . Robots Melted . | . . . . . Combat Hostiles . | . . . . . Parts Melted . | . . . . . Heat Transferred 433 | . . . . 433 Parts Sabotaged . | . . . . . Parts Stolen . | . . . . . Parts Stripped . | . . . . . Power Chain Reactions . | . . . . . Alert | -11 -10 -9 -9 -8 ------- Run | Yrd Mat Mat Min Mat Peak Influence 137 | . 137 5 1 50 Initial 1 | . . . 1 . Average 23 | . 59 2 1 9 Maximum Alert Level . | . . . . . Low Security (%) 100 | 100 100 100 100 100 Level 1 . | . . . . . Level 2 . | . . . . . Level 3 . | . . . . . Level 4 . | . . . . . Level 5 . | . . . . . High Security . | . . . . . Max Security . | . . . . . Squads Dispatched 1 | . . 1 . . Investigation . | . . . . . Extermination . | . . . . . Reinforcement 1 | . . 1 . . Assault . | . . . . . Garrison . | . . . . . Intercept . | . . . . . Searches Triggered . | . . . . . Construction Impeded . | . . . . . Haulers Reinforced . | . . . . . Active Scanning Responses . | . . . . . Cargo Convoy Interrupts . | . . . . . Stealth | -11 -10 -9 -9 -8 --------- Run | Yrd Mat Mat Min Mat Distress Signals 1 | . . . . 1 Communications Jammed . | . . . . . Distress Signals . | . . . . . Times Spotted 19 | . 6 1 . 12 Peak Tracking Total 7 | . 3 1 . 7 Tactical Retreats . | . . . . . Traps | -11 -10 -9 -9 -8 ------- Run | Yrd Mat Mat Min Mat Traps Triggered 3 | . . . . 3 Indirectly . | . . . . . Trap Hack Attempts . | . . . . . Triggered . | . . . . . Disarmed . | . . . . . Reprogrammed . | . . . . . Reused . | . . . . . Traps Extracted . | . . . . . Installed . | . . . . . Triggered . | . . . . . Machines | -11 -10 -9 -9 -8 ---------- Run | Yrd Mat Mat Min Mat Machines Disabled . | . . . . . Max in Single Turn . | . . . . . Machines Repaired . | . . . . . Machines Dismantled . | . . . . . Machines Sabotaged . | . . . . . Overloaded Fab Kills . | . . . . . Hacking | -11 -10 -9 -9 -8 --------- Run | Yrd Mat Mat Min Mat Machines Accessed 4 | . 1 1 . 2 Terminals 4 | . 1 1 . 2 Fabricators . | . . . . . Repair Stations . | . . . . . Recycling Units . | . . . . . Scanalyzers . | . . . . . Garrison Access . | . . . . . Total Hacks 10 | . 4 2 . 4 Successful 3 | . 1 1 . 1 Failed 7 | . 3 1 . 3 Catastrophic 3 | . 1 . . 2 Database Lockouts . | . . . . . Manual 8 | . 4 . . 4 Terminals 10 | . 4 2 . 4 Fabricators . | . . . . . Repair Stations . | . . . . . Recycling Units . | . . . . . Scanalyzers . | . . . . . Garrison Access . | . . . . . Terminal Hacks 3 | . 1 1 . 1 Unreport Threat 2 | . 1 . . 1 Hauler Manifests 1 | . . 1 . . Fabricator Hacks . | . . . . . Repair Station Hacks . | . . . . . Recycling Unit Hacks . | . . . . . Scanalyzer . | . . . . . Garrison Access Hacks . | . . . . . Unauthorized Hacks . | . . . . . Terminals . | . . . . . Fabricators . | . . . . . Repair Stations . | . . . . . Recycling Units . | . . . . . Scanalyzers . | . . . . . Garrison Access . | . . . . . Data Cores Recovered . | . . . . . Used . | . . . . . Hacking Detections 3 | . 1 1 . 1 Full Trace Events 1 | . . . . 1 Feedback Events . | . . . . . Feedback Blocked . | . . . . . Robot Schematics Acquired . | . . . . . Robots Built . | . . . . . Authchips . | . . . . . Time . | . . . . . Total Robot Build Rating . | . . . . . Part Schematics Acquired . | . . . . . Parts Built . | . . . . . Authchips . | . . . . . Time . | . . . . . Total Part Build Rating . | . . . . . Parts Repaired . | . . . . . Time . | . . . . . Parts Recycled . | . . . . . Recycled Matter . | . . . . . Retrieved Matter . | . . . . . Retrieved Components . | . . . . . Parts Scanalyzed . | . . . . . Part Schematics Acquired . | . . . . . Parts Damaged . | . . . . . Bothacking | -11 -10 -9 -9 -8 ------------ Run | Yrd Mat Mat Min Mat Used RIF Installer . | . . . . . Robots Hacked . | . . . . . Non-combat . | . . . . . Combat . | . . . . . Robot Hacks Applied . | . . . . . Relay Couplers Released . | . . . . . Fabnet Peak Effective % . | . . . . . Robots Rewired . | . . . . . Allies Hacked . | . . . . . Hacks Repelled . | . . . . . Allies | -11 -10 -9 -9 -8 -------- Run | Yrd Mat Mat Min Mat Total Allies . | . . . . . Largest Group . | . . . . . Highest-Rated Group . | . . . . . Highest-Rated Ally . | . . . . . Total Orders . | . . . . . Ally Attacks . | . . . . . Total Damage . | . . . . . Kills . | . . . . . Allies Corrupted . | . . . . . Allies Melted . | . . . . . Intel | -11 -10 -9 -9 -8 ------- Run | Yrd Mat Mat Min Mat Robot Analysis Total . | . . . . . Derelict Logs Recovered . | . . . . . Drone Launches . | . . . . . Drone Recoveries . | . . . . . Exploration | -11 -10 -9 -9 -8 ------------- Run | Yrd Mat Mat Min Mat Turns Passed 902 | 59 301 223 56 263 Spaces Moved 450 | 32 125 134 36 123 Core 25 | 1 . . . 24 Treads 425 | 31 125 134 36 99 Legs . | . . . . . Wheels . | . . . . . Hover . | . . . . . Flight . | . . . . . Fastest Speed 50 | 50 160 160 160 160 Average Speed 162 | 156 160 160 160 169 Slowest Speed 240 | 160 160 160 160 240 Overloaded Moves . | . . . . . Propulsion Burnouts . | . . . . . Robots Hopped . | . . . . . Cave-ins Triggered . | . . . . . Exploration Rate (%) 15 | 3 22 12 20 18 Regions Visited 4 Branch Regions 1 Pre-discovered Areas . | . . . . . Known Exits Taken . | . . . . . Unknown Exits Taken 4 | 1 1 1 1 . Scrap Searched . | . . . . . Spaces Dug . | . . . . . Terrain Destroyed 9 | . . 5 . 4 Melee . | . . . . . Projectile . | . . . . . AOE 9 | . . 5 . 4 Terrain Rammed . | . . . . . Walls Destroyed . | . . . . . Machines Disabled . | . . . . . Actions | -11 -10 -9 -9 -8 --------- Run | Yrd Mat Mat Min Mat Total 534 | 38 169 141 35 151 Wait 8 | . . . . 8 Move 446 | 31 124 133 35 123 Hop . | . . . . . Pick Up 13 | 1 3 5 . 4 Fast Attach 9 | 6 1 . . 2 Attach 6 | . 1 2 . 3 Detach . | . . . . . Swap 3 | . 3 . . . Drop 3 | . 2 . . 1 Fire 46 | . 35 1 . 10 Melee . | . . . . . Ram . | . . . . . Kick . | . . . . . Crush . | . . . . . Escape Stasis . | . . . . . Rewire . | . . . . . Trap . | . . . . . Miscellaneous . | . . . . . Route ------- -11/Scrapyard -10/Materials -9/Materials -9/Mines -8/Materials History --------- Turn | Location | Event 16 | -11/Scrapyard | Discovered new exit (range 16) 60 | -11/Scrapyard | Entered Materials 308 | -10/Materials | Discovered new exit (range 15) 326 | -10/Materials | Build established: Mutant 361 | -10/Materials | Entered another Materials area 361 | -9/Materials | Evolved 2 slots: Power x1, Weapon x1 559 | -9/Materials | Discovered new exit (range 6) 584 | -9/Materials | Entered Mines 629 | -9/Mines | Discovered new exit (range 7) 640 | -9/Mines | Entered Materials 640 | -8/Materials | Evolved 2 slots: Utility x1, Weapon x1 768 | -8/Materials | Lost 4 parts (1p2n1w) 865 | -8/Materials | Core integrity fell below 50% 885 | -8/Materials | Lost 7 parts (1p2n4w) 887 | -8/Materials | Core integrity fell below 20% 903 | -8/Materials | Destroyed by Y-45 Defender with Beam Rifle Last Messages --------------- 00837_ K-01 Serf collects debris. 00838_ W-25 Informer sends out distress signal. 00839_ Mining Laser destroyed. 00840_ Lgt. Treads destroyed. 00841_ K-01 Serf collects debris. 00849_ Particle Gun destroyed. 00850_ K-01 Serf collects debris. 00853_ U-05 Engineer lays Concrete. 00853_ Lgt. Treads destroyed. 00854_ Mining Laser destroyed. 00854_ Critical hit (Burn: +37). 00854_ U-05 Engineer lays Concrete. 00855_ K-01 Serf collects debris. 00864_ Heat Sink severed. 00883_ Acquired Arm. Treads. 00883_ Scanalyzer disabled. 00886_ Critical hit (Burn: +37). 00888_ Acquired Field Laser. 00892_ Electrolysis Chamber disabled. 00892_ Critical hit (Burn: +37). Map ----- +----------------------------------------------------+ | ?????????????????????????????????????????????????? | | ?????????????????????????????????????????????????? | | ?????????????????????????????????????????????????? | | ?????????????????????????????????????????????????? | | ?????????????????????????????????????????????????? | | ?????????????????????????????????????????????????? | | ?????????????????????????????????????????????????? | | ?????????????????????????????????????????????????? | | ?????????????????????????????????????????????????? | | ?????????????????????????????????????????????????? | | ?????????????????????????????????????????????????? | | ?????????????????????###?????????????????????????? | | ???????????????????? ?????????????????????????? | | ???????????????????? ##???????????????????????? | | ???????????????????? # ??????????????????????? | | ????????????????????# # ??????????????????????? | | ????????????????????# ? ?????????????????????? | | ????????????????????# ? ?????????????????????? | | ????????????????????# +? ????????????????????? | | ????????????????????# #?? ????????????????????? | | ????????????????????# ####+#####???????????????? | | ????????????????###?# # #???????????????? | | ????????????????? ?# # """ "" #???????????????? | | ?????????????????? # # """ ""#???????????????? | | ??????????????????? # # """ S"#???????????????? | | ????????????????""" + Y@ #???????????????? | | ????????????????????# !# """l #???????????????? | | ????????????????????# # "" #???????????????? | | ????????????????????# #g" gh #???????????????? | | ????????????????????# # ! #???????????????? | | ??????????????????### ##########???????????????? | | ??????????????????? # # #????????????????????? | | ???????????????!] + #????????????????????? | | ????????????#* !] # # #????????????????????? | | ????????????######### #####????????????????????? | | ???????????????????## ##############???????????? | | ???????????????????# # # ????????? | | ???""????????????### # / ????????? | | ???""????? + #???????????? | | ??? ???????######## # #???????????? | | ??? ??????????????# # #???????????? | | ###+###?????###############+##########???????????? | | # ####### ####### #??????????????????? | | #??????????????????? | | T T #??????????????????? | | #??????????????????? | | # ####### ####### #??????????????????? | | ##| ##############?????#######??????????????????? | | ?#% # #?????????????????????????????????? | | ?#! # #?????????????????????????????????? | +----------------------------------------------------+ Best States ------------- Heat Dissipation 41 Energy Generation 19 Energy Capacity 310 Matter Stores 300 Matter Capacity 300 Sight Range 16 Terrain Scan Density 10 Evasion (%) 40 Recoil Reduction 2 Item Schematics ----------------- None Robot Schematics ------------------ None Fabricated ------------ Nothing Alien Tech Used ----------------- None Achievements -------------- Let's See Who's Tougher Challenges ------------ None Game ------ Seed SmallPropulsionRouter Manual? 0 Play Time 00:11:44 Cumulative 15.1 hours Start 2024.04.21 @ 22:39:35 End 2024.04.21 @ 22:48:30 Sessions 1 Manual Loads 0 Difficulty Rogue Special Mode None Game No. 29 Rogue 29 Adventurer 0 Explorer 0 Win Type - Total 0 Types 0/0/0/0/0/0/0/0/0 Lore% 17 Gallery% 19 Achievement% 15 Wizard Run 0 Options --------- Layout 1 ASCII 0 Keyboard 0 Movement Arrows Keybinds 0 Fullscreen 1 Font 24/Smallcaps Map View 50x35 Zoom Use 0% Tactical HUD 1 Map Filters NONE Filters NONE Steam 1 RUN: 050ec07f-0f82-442a-902b-9b16065efd60